 Dungeon Crawl Stone Soup version 0.28.0-45-g0d030f2227 (webtiles) character file.

Game seed: 2874465395370483271

1703 unlimited1921 the Quickloader (level 8, 0/70 HPs)
             Began as a Minotaur Hunter on Apr 21, 2022.
             Was an Initiate of Yredelemnul.
             Succumbed to a kobold brigand's poison
             ... on level 5 of the Dungeon.
             The game lasted 00:38:14 (7432 turns).

unlimited1921 the Quickloader (Minotaur Hunter)     Turns: 7432, Time: 00:38:15

Health: 0/70       AC: 12    Str: 18    XL:     8   Next: 73%
Magic:  7/7        EV: 10    Int:  8    God:    Yredelemnul [......]
Gold:   263        SH: 14    Dex: 12    Spells: 7/7 levels left

rFire   . . .      SeeInvis .   a - +1 hand crossbow
rCold   . . .      Faith    .   J - +2 kite shield
rNeg    . . .      Spirit   .   o - +0 ring mail
rPois   .          Reflect  +   (helmet restricted)
rElec   .          Harm     .   (no cloak)
rCorr   .          Rampage  .   j - +0 pair of gloves
Will    +....                   P - +0 pair of boots
Stlth   +.........              u - amulet of reflection
HPRegen 0.21/turn               f - +4 ring of protection
MPRegen 0.10/turn               p - ring of willpower

@: mighty, lethally poisoned (0 -> -6)
A: horns 2, retaliatory headbutt
a: Renounce Religion, Recall Undead Harvest


You were on level 5 of the Dungeon.
You worshipped Yredelemnul.
Yredelemnul was noncommittal.
You visited 2 branches of the dungeon, and saw 8 of its levels.

You collected 263 gold pieces.

Inventory:

Hand Weapons
 a - a +1 hand crossbow (weapon)
 b - a +0 short sword
 q - a +2 vampiric dagger
 s - a +0 spear
 t - a +0 flail
 w - a +0 falchion
 H - a +0 hand axe
 O - a +0 hand axe
 S - a +0 hand axe
Missiles
 d - 16 bolts (quivered ammo)
 h - 143 sling bullets
 n - 63 stones
 R - 3 poisoned darts
 U - 3 atropa-tipped darts
 X - 2 boomerangs
Armour
 j - a +0 pair of gloves (worn)
 o - a +0 ring mail (worn)
 v - a +0 chain mail
 J - a +2 kite shield (worn)
 P - a +0 pair of boots (worn)
 W - a +0 plate armour
Jewellery
 f - a +4 ring of protection (left hand)
 l - a ring of protection from cold
 p - a ring of willpower (right hand)
 u - an amulet of reflection (around neck)
 y - an amulet of guardian spirit
Wands
 c - a wand of mindburst (5)
 V - a wand of digging (6)
Scrolls
 e - 2 scrolls of enchant weapon {unknown}
 g - a scroll of amnesia {unknown}
 m - 5 scrolls of identify {unknown}
 x - a scroll of vulnerability {unknown}
 A - a scroll of enchant armour {unknown}
 D - 2 scrolls of fog {unknown}
 G - a scroll of torment {unknown}
 L - a scroll of magic mapping {unknown}
 Q - a scroll of teleportation {unknown}
 T - a scroll of acquirement {unknown}
Potions
 i - a potion of ambrosia {unknown}
 k - 2 potions of degeneration {unknown}
 r - 3 potions of haste {unknown}
 z - 2 potions of curing {unknown}
 B - 2 potions of brilliance {unknown}
 C - 3 potions of mutation {unknown}
 E - a potion of flight {unknown}
 F - a potion of resistance {unknown}
 I - 2 potions of might
 K - 2 potions of lignification {unknown}
 M - a potion of heal wounds {unknown}
 N - 2 potions of invisibility {unknown}
 Y - a potion of magic {unknown}


   Skills:
 * Level 6.2 Fighting
 * Level 4.6 Axes
 + Level 8.5 Crossbows
 * Level 4.7 Armour
 * Level 4.9 Dodging
 + Level 1.6 Stealth
 + Level 2.1 Shields


You had 7 spell levels left.
You didn't know any spells.
Your spell library contained the following spells:

 Spells                   Type           Power      Damage    Failure   Level
 Foxfire                  Conj/Fire      0%         2x1d4     94%         1
 Magic Dart               Conj           0%         1d3       94%         1
 Call Imp                 Summ           0%         N/A       98%         2
 Call Canine Familiar     Summ           0%         N/A       100%        3
 Conjure Flame            Conj/Fire      0%         6-21      100%        3
 Inner Flame              Hex/Fire       0%         N/A       100%        3
 Mephitic Cloud           Conj/Pois/Air  0%         N/A       100%        3
 Portal Projectile        Hex/Tloc       0%         N/A       100%        3
 Flame Wave               Conj/Fire      0%         2d4       100%        4
 Leda's Liquefaction      Hex/Erth       0%         N/A       100%        4


Dungeon Overview and Level Annotations

Branches:
Dungeon (7/15)             Temple (1/1) D:4

Altars:
Ashenzari
Cheibriados
Dithmenos
Elyvilon
Fedhas
Gozag
Hepliaklqana
Kikubaaqudgha
Makhleb
Nemelex Xobeh
Okawaru
Qazlal
Ru
Sif Muna
Trog
Uskayaw
Vehumet
Wu Jian
Xom
Yredelemnul
Zin
The Shining One

Shops:
D:3 [


Innate Abilities, Weirdness & Mutations

You have a pair of horns on your head.
You reflexively headbutt those who attack you in melee.


Message History

You block the bullfrog's attack.
The kobold brigand hits you with a +0 short sword of venom.
You are more poisoned.
You feel very sick. The bullfrog hits you.
Your kobold zombie closely misses the kobold.
The iguana bites your kobold zombie!
Your kobold zombie is destroyed!
You block the kobold's attack.
The kobold brigand hits you with a +0 short sword of venom.
You are more poisoned.
You climb upwards.
You feel extremely sick.
There is a stone staircase leading down here.
You feel very sick. The bullfrog closely misses you.
You feel very sick. You block the bullfrog's attack.
You feel very sick.
You feel sick.
The kobold brigand throws a poisoned dart.
The poisoned dart hits you!
You are more poisoned.
You block the bullfrog's attack.
* * * LOW HITPOINT WARNING * * *
You feel very sick.
* * * LOW HITPOINT WARNING * * *
You feel very sick. You block the bullfrog's attack.
There is an escape hatch in the ceiling here.
* * * LOW HITPOINT WARNING * * *
You feel sick. The bullfrog hits you.
* * * LOW HITPOINT WARNING * * *
A mysterious force pulls you upwards. The hatch slams shut behind you.
* * * LOW HITPOINT WARNING * * *
You feel very sick.
It was a potion of might.
You feel very mighty all of a sudden.
You die...
Your body rises from the dead as a mindless zombie.

#...............#....##'##
#####...........#######..#
############...Z..#Z.#
#......'..# #......####
#...[[.#..# #.######..#
#F.....#..# #@....##..#
#.....##..# #.....##..#
#####.........#
#...##........#
#...##....##..#
##..########..#
#.......Z.....#
#.............#


You could see a bullfrog.

Vanquished Creatures
  Grinder (D:3)
  Sigmund (D:2)
  A water moccasin (D:5)
  A black bear (D:5)
  A necrophage (D:6)
  2 ogres
  A wyvern zombie (D:6)
  A scorpion (D:5)
  A water moccasin skeleton (D:5)
  2 hounds
  A centaur skeleton (D:6)
  Jessica (D:3)
  An iguana (D:6)
  4 orc wizards
  Natasha (thrice) (D:3)
  Terence (D:3)
  A hound skeleton (D:5)
  8 gnolls
  6 adders
  An ufetubus (D:6)
  A worm (D:2)
  An adder skeleton (D:4)
  3 dart slugs
  14 orcs
  12 ball pythons
  10 endoplasms
  2 giant cockroaches (D:2)
  6 hobgoblins
  8 jackals
  4 quokkas
  8 bats
  3 frilled lizards
  3 goblins
  8 kobolds
  6 rats
128 creatures vanquished.

Vanquished Creatures (collateral kills)
  An ogre (D:5)
  An orc priest (D:6)
  A gnoll (D:5)
  A howler monkey skeleton (D:5)
  An ufetubus (D:5)
  2 orcs (D:6)
7 creatures vanquished.

Vanquished Creatures (others)
  A water moccasin zombie (D:5)
  3 jackal zombies (D:5)
  A kobold zombie (D:7)
5 creatures vanquished.

Grand Total: 140 creatures vanquished

Notes
Turn   | Place    | Note
-------+----------+-------------------------------------------
     0 | D:1      | unlimited1921 the Minotaur Hunter began the quest for the
                  | Orb.
     0 | D:1      | Reached XP level 1. HP: 18/18 MP: 0/0
   115 | D:1      | Reached XP level 2. HP: 22/25 MP: 1/1
   265 | D:1      | Reached skill level 5 in Crossbows
   918 | D:2      | Reached XP level 3. HP: 16/31 MP: 2/2
  1354 | D:2      | Reached skill level 1 in Stealth
  2278 | D:2      | Reached XP level 4. HP: 38/38 MP: 3/3
  2392 | D:2      | Reached skill level 1 in Armour
  2495 | D:2      | Noticed Sigmund
  2509 | D:2      | Killed Sigmund
  2510 | D:2      | Reached skill level 1 in Axes
  2510 | D:2      | Reached XP level 5. HP: 30/46 MP: 4/4
  2836 | D:3      | Noticed Natasha
  2839 | D:3      | Killed Natasha
  2840 | D:3      | Reached skill level 6 in Crossbows
  2847 | D:3      | Noticed Terence
  2854 | D:3      | Killed Terence
  2855 | D:3      | Reached XP level 6. HP: 49/52 MP: 5/5
  2953 | D:3      | Found a faded altar of an unknown god.
  2989 | D:3      | Found Afanacix's Antique Armour Boutique.
  3111 | D:3      | Noticed Natasha
  3125 | D:3      | Killed Natasha
  3188 | D:3      | Noticed Natasha
  3193 | D:3      | Killed Natasha
  3219 | D:3      | Noticed Grinder
  3227 | D:3      | Paralysed by Grinder for 3 turns
  3234 | D:3      | Killed Grinder
  3235 | D:3      | Reached XP level 7. HP: 36/60 MP: 6/6
  3398 | D:3      | Noticed Jessica
  3404 | D:3      | Killed Jessica
  3552 | D:3      | Found an ornate altar of the Wu Jian Council.
  3553 | D:3      | Found a glowing silver altar of Zin.
  4177 | D:4      | Reached skill level 7 in Crossbows
  4853 | D:4      | Found a staircase to the Ecumenical Temple.
  4873 | Temple   | Entered the Ecumenical Temple
  5165 | Temple   | Became a worshipper of Yredelemnul the Dark
  5505 | D:5      | Entered Level 5 of the Dungeon
  5776 | D:5      | Reached skill level 1 in Shields
  5824 | D:5      | Reached * piety under Yredelemnul
  5901 | D:5      | Reached skill level 5 in Fighting
  5901 | D:5      | Reached XP level 8. HP: 68/68 MP: 7/7
  6552 | D:5      | Reached skill level 8 in Crossbows
  6961 | D:6      | Reached ** piety under Yredelemnul
  7431 | D:5      | HP: 2/70 [poisoned by a kobold brigand]
  7432 | D:5      | Succumbed to a kobold brigand's poison

Illustrated notes

Levels and vault maps discovered:
D:1:      roderic_octagonal_star, layout_loops_cross, minivault_26,
          minmay_tetromino_t2
D:2:      layout_basic, uniq_sigmund
D:3:      layout_basic, minitemple, serial_shops, nicolae_shop_advertising_works
          [nicolae_subvault_shop_adworks], nicolae_ecumenical_snake_handling,
          minmay_curled_crystal, kennysheep_generic_room_9, uniq_grinder,
          uniq_jessica, uniq_terence, uniq_natasha
D:4:      layout_loops_ring, minmay_temple_entry_enclosed_plants
D:5:      layout_gridville, minmay_door_square
D:6:      layout_basic
D:7:      layout_cave_pools, glass_columns_a, st_stairs_7
Temple:   mainiacjoe_temple_big_plus

Skill      XL: |  1  2  3  4  5  6  7  8 |
---------------+-------------------------+-----
Crossbows      | 5 6 7 8 |  8.5
Fighting       | 3 4 5 6 |  6.2
Stealth        | 1 |  1.6
Armour         | 2 3 4 |  4.7
Axes           | 1 2 3 4 |  4.6
Dodging        | 3 4 |  4.9
Shields        | 1 2 |  2.1

Action                   |  1- 3 |  4- 6 |  7- 9 || total
-------------------------+-------+-------+-------++-------
Melee: Hand axe          |       |     5 |    14 ||    19
       Headbutt          |       |     1 |     3 ||     4
 Fire: Hand crossbow     |    76 |    84 |   186 ||   346
  Use: Potion            |       |       |     1 ||     1
Armor: Leather armour    |    11 |       |       ||    11
       Ring mail         |       |    10 |    21 ||    31
Dodge: Dodged            |    27 |    29 |    39 ||    95
Block: Other             |       |     3 |    11 ||    14
       Kite shield       |       |       |    61 ||    61
       Reflection        |       |       |     2 ||     2
